AoeStats
← [Maturita Owner] HTB-Chan

Arabia

509869470Analyzed
1v1 RM · 3d ago on Sep 28, 2026· 28m 29s· 2 players
Game mode
Random Map
Map size
Tiny (2 player)
Population
200
Speed
Normal
Resources
Standard
Victory
Conquest
Starting age
Dark Age
Ending age
Imperial Age
RankedLock teamsTeams togetherTeam positionsShared explorationLock speedFull tech treeHidden civsTurbo modeCheats
Victory
Defeat
🇨🇳 Chinese · China
654
+14
🇨🇿 Huns · Czechia
600
-14
[Maturita Owner] HTB-Chan
2:49 Loom
12:05 Feudal Age
12:26 Horse Collar
12:32 Double-Bit Axe
13:26 Wheelbarrow
20:02 Fletching
20:22 Forging
26:19 Castle Age
25:28 Padded Archer Armor
25:41 Gold Mining
27:10 Thumb Ring
27:03 Bodkin Arrow
27:14 Scale Barding Armor
27:44 Iron Casting
黑哨哥
0:29 Loom
10:48 Feudal Age
12:04 Wheelbarrow
11:16 Double-Bit Axe
13:52 Man-at-Arms
19:32 Horse Collar
20:59 Town Watch
25:59 Castle Age
23:58 Gold Mining
24:01 Stone Mining
24:41 Forging
24:21 Fletching
24:31 Padded Archer Armor
25:08 Scale Mail Armor
25:08 Padded Archer Armor
25:02 Arson
25:52 Bloodlines
27:06 Husbandry
Connection lost

Rejoining the realm…

Still unreachable

The connection could not be restored.

Session expired

The server has moved on; the page needs a fresh start.